SL
NASHVILLE OUTLAWS @ THUNDER BAY NORTHERN LIONS BC
08/01/2038
 
TOP OF THE 1ST
Nashville Outlaws batting - Pitching for Thunder Bay Northern Lions BC : RHP Ralph DePalma
Pitching: RHP Ralph DePalma
Batting: LHB Bartolo Soto 0-0: Ball
1-0: Ground out 6-3 (Groundball, 6M, EV 84.4 MPH)
Batting: LHB Salvador Ramírez 0-0: SINGLE (Groundball, 34D, EV 102.5 MPH)
Batting: LHB Tom Burton 0-0: Foul Ball, location: 2F
0-1: Ball
1-1: Fielders Choice at 2nd, 5-4 (Groundball, 56, EV 104.4 MPH)
Batting: RHB Javier Sierra 0-0: Foul Ball, location: 2F
0-1: Ball
1-1: Ball
2-1: Foul Ball, location: 2F
2-2: Ball
3-2: SINGLE (Groundball, 4D, EV 101.9 MPH)
Tom Burton to second
Tom Burton to third
Batting: RHB Jerry Yates 0-0: Foul Ball, location: 2F
0-1: Fly out, F3 (Popup, 3SF, EV 76.9 MPH)
Top of the 1st over - 0 runs, 2 hits, 0 errors, 2 left on base; Nashville 0 - Thunder Bay 0
BOTTOM OF THE 1ST
Thunder Bay Northern Lions BC batting - Pitching for Nashville Outlaws : LHP Craig Fitzgerald
Pitching: LHP Craig Fitzgerald
Batting: RHB Joe Aller 0-0: Called Strike
0-1: Ball
1-1: Called Strike
1-2: TRIPLE (Flyball, 7LD, EV 101.2 MPH)
Batting: RHB Domingo Altamiraño 0-0: Ball
1-0: Ball
2-0: SINGLE (Groundball, 6D, EV 95.6 MPH)
Joe Aller scores
Batting: RHB Jason Slaybaugh 0-0: Ball
1-0: Ball
2-0: Foul Ball, location: 2F
2-1: Foul Ball, location: 2F
2-2: SINGLE (Flyball, 89S, EV 92.5 MPH)
Domingo Altamiraño to second
Runner from 2nd tries for 3rd, SAFE, no throw by RF
Batting: LHB Jorge Herrera 0-0: Swinging Strike
0-1: Ball
1-1: Swinging Strike
1-2: DOUBLE (Line Drive, 89XD, EV 108.8 MPH)
Domingo Altamiraño scores
Jason Slaybaugh to third
Batting: RHB Hsi-men King 0-0: Called Strike
0-1: SINGLE (Line Drive, 89M, EV 93.1 MPH)
Jason Slaybaugh scores
Jorge Herrera to third
Batting: LHB Ramón Padilla 0-0: Ball
1-0: Fly out, F7 (Flyball, 78M, EV 84.4 MPH)
Runner from 3rd tags up, SCORES, throw by LF
Batting: RHB Naganori Takahashi 0-0: Called Strike
0-1: Called Strike
0-2: Ball
1-2: Grounds into double play, 4-6-3 (Groundball, 4, EV 97.5 MPH)
Bottom of the 1st over - 4 runs, 5 hits, 0 errors, 0 left on base; Nashville 0 - Thunder Bay 4
TOP OF THE 2ND
Nashville Outlaws batting - Pitching for Thunder Bay Northern Lions BC : RHP Ralph DePalma
Batting: RHB Sadakuno Hashimoto 0-0: Called Strike
0-1: Foul Ball, location: 2F
0-2: Ball
1-2: Ball
2-2: Ball
3-2: Foul Ball, location: 2F
3-2: Ground out 6-3 (Groundball, 6, EV 103.1 MPH)
Batting: LHB Wilson Hernández 0-0: Ball
1-0: Ball
2-0: Ball
3-0: Called Strike
3-1: Fly out, F9 (Flyball, 89M, EV 88.1 MPH)
Batting: LHB Juan Caro 0-0: Foul Ball, location: 2F
0-1: Fly out, F8 (Line Drive, 8RD, EV 92.5 MPH)
Top of the 2nd over - 0 runs, 0 hits, 0 errors, 0 left on base; Nashville 0 - Thunder Bay 4
BOTTOM OF THE 2ND
Thunder Bay Northern Lions BC batting - Pitching for Nashville Outlaws : LHP Craig Fitzgerald
Batting: LHB Barry Flauker 0-0: Swinging Strike
0-1: Ball
1-1: Ball
2-1: Ball
3-1: Base on Balls
Batting: LHB Tullu Amaad 0-0: Ball
1-0: Swinging Strike
1-1: Ball
2-1: 2-RUN HOME RUN (Flyball, 9D, EV 103.1 MPH), Distance : 337 ft
Batting: RHB Joe Aller 0-0: Ball
1-0: Ball
2-0: Called Strike
2-1: Foul Ball, location: 2F
2-2: Strikes out swinging
Batting: RHB Domingo Altamiraño 0-0: DOUBLE (Line Drive, 3D, EV 103.8 MPH)
Pitching: RHP Jack Joyner
Batting: RHB Jason Slaybaugh 0-0: Ball
1-0: Ball
2-0: Foul Ball, location: 2F
2-1: Swinging Strike
2-2: Ball
3-2: Base on Balls
Batting: LHB Jorge Herrera 0-0: Foul Ball, location: 2F
0-1: 3-RUN HOME RUN (Flyball, 9D, EV 100.6 MPH), Distance : 361 ft
Batting: RHB Hsi-men King 0-0: SINGLE (Line Drive, 4MD, EV 99.4 MPH)
Batting: LHB Ramón Padilla 0-0: Ball
1-0: Called Strike
1-1: Ball
Wild Pitch!
Hsi-men King to second
2-1: Ball
3-1: Ground out 4-3 (Groundball, 4, EV 87.5 MPH)
Hsi-men King to third
Batting: RHB Naganori Takahashi 0-0: Called Strike
0-1: Swinging Strike
0-2: Strikes out swinging
Bottom of the 2nd over - 5 runs, 4 hits, 0 errors, 1 left on base; Nashville 0 - Thunder Bay 9
TOP OF THE 3RD
Nashville Outlaws batting - Pitching for Thunder Bay Northern Lions BC : RHP Ralph DePalma
Batting: LHB Seung-min Sin 0-0: Swinging Strike
0-1: Foul Ball, location: 2F
0-2: Ground out 1-3 (Groundball, 15S, EV 71.9 MPH)
Batting: LHB Bartolo Soto 0-0: Called Strike
0-1: Ball
1-1: Ball
2-1: Foul Ball, location: 2F
2-2: Ground out 6-3 (Groundball, 56, EV 78.8 MPH)
Batting: LHB Salvador Ramírez 0-0: Ball
1-0: Ball
2-0: SINGLE (Groundball, 34D, EV 101.9 MPH)
Batting: LHB Tom Burton 0-0: Ball
1-0: Ball
2-0: Foul Ball, location: 2F
2-1: Called Strike
2-2: Foul Ball, location: 2F
2-2: Foul Ball, location: 2F
2-2: Ground out 2-3 (Groundball, 13S, EV 71.9 MPH)
Top of the 3rd over - 0 runs, 1 hit, 0 errors, 1 left on base; Nashville 0 - Thunder Bay 9
BOTTOM OF THE 3RD
Thunder Bay Northern Lions BC batting - Pitching for Nashville Outlaws : RHP Jack Joyner
Batting: LHB Barry Flauker 0-0: Ball
1-0: Called Strike
1-1: Foul Ball, location: 2F
1-2: Ground out 5-3 (Groundball, 5, EV 100.6 MPH)
Batting: LHB Tullu Amaad 0-0: Ball
1-0: Ball
2-0: Ball
3-0: Called Strike
3-1: Foul Ball, location: 2F
3-2: Foul Ball, location: 2F
3-2: Foul Ball, location: 2F
3-2: SINGLE (Groundball, 34D, EV 97.5 MPH)
Batting: RHB Joe Aller 0-0: Foul Ball, location: 2F
0-1: SINGLE (Line Drive, 9S, EV 106.9 MPH)
Tullu Amaad to second
Tullu Amaad to third
Batting: RHB Domingo Altamiraño 0-0: Swinging Strike
0-1: Ball
1-1: Ball
2-1: Grounds into double play, 5-4-3 (Groundball, 56, EV 103.1 MPH)
Bottom of the 3rd over - 0 runs, 2 hits, 0 errors, 1 left on base; Nashville 0 - Thunder Bay 9
TOP OF THE 4TH
Nashville Outlaws batting - Pitching for Thunder Bay Northern Lions BC : RHP Ralph DePalma
Batting: RHB Javier Sierra 0-0: Ball
1-0: Ball
2-0: Called Strike
2-1: Ball
3-1: Base on Balls
Batting: RHB Jerry Yates 0-0: Ball
1-0: Ball
2-0: Ball
3-0: Called Strike
3-1: Base on Balls
Javier Sierra to second
Batting: RHB Sadakuno Hashimoto 0-0: Ball
1-0: Ball
2-0: Foul Ball, location: 2F
2-1: Foul Ball, location: 2F
2-2: Strikes out looking
Batting: LHB Wilson Hernández 0-0: Ball
1-0: Ball
2-0: Ball
3-0: Base on Balls
Javier Sierra to third
Jerry Yates to second
Batting: LHB Juan Caro 0-0: Called Strike
0-1: Ball
1-1: DOUBLE (Line Drive, 78D, EV 106.2 MPH)
Javier Sierra scores
Jerry Yates scores
Wilson Hernández to third
Runner from 3rd tries for Home, SAFE, throw by CF to home
Batting: LHB Seung-min Sin 0-0: Called Strike
0-1: Called Strike
0-2: Ball
1-2: Fly out, F8 (Flyball, 8RM, EV 85.0 MPH)
Batting: LHB Bartolo Soto 0-0: Fly out, F8 (Line Drive, 8RM, EV 86.2 MPH)
Top of the 4th over - 3 runs, 1 hit, 0 errors, 1 left on base; Nashville 3 - Thunder Bay 9
BOTTOM OF THE 4TH
Thunder Bay Northern Lions BC batting - Pitching for Nashville Outlaws : RHP Jack Joyner
Batting: RHB Jason Slaybaugh 0-0: Called Strike
0-1: Ball
1-1: Foul Ball, location: 2F
1-2: Ball
2-2: Ball
3-2: Ground out 5-3 (Groundball, 56, EV 105.6 MPH)
Batting: LHB Jorge Herrera 0-0: Ball
1-0: Ground out U3 (Groundball, 3, EV 85.6 MPH)
Pitching: LHP Bob Bolen
Batting: RHB Hsi-men King 0-0: Called Strike
0-1: Ball
1-1: Called Strike
1-2: Strikes out looking
Bottom of the 4th over - 0 runs, 0 hits, 0 errors, 0 left on base; Nashville 3 - Thunder Bay 9
TOP OF THE 5TH
Nashville Outlaws batting - Pitching for Thunder Bay Northern Lions BC : RHP Ralph DePalma
Batting: LHB Salvador Ramírez 0-0: Ball
1-0: Ball
2-0: Ball
3-0: Called Strike
3-1: Base on Balls
Batting: LHB Tom Burton 0-0: Swinging Strike
0-1: Ball
1-1: Ball
2-1: Swinging Strike
2-2: Fly out, F7 (Line Drive, 7, EV 100.6 MPH)
Batting: RHB Javier Sierra 0-0: Grounds into double play, 6-4-3 (Groundball, 6, EV 87.5 MPH)
Top of the 5th over - 0 runs, 0 hits, 0 errors, 0 left on base; Nashville 3 - Thunder Bay 9
BOTTOM OF THE 5TH
Thunder Bay Northern Lions BC batting - Pitching for Nashville Outlaws : LHP Bob Bolen
Batting: LHB Ramón Padilla 0-0: Ball
1-0: Foul Ball, location: 2F
1-1: Ball
2-1: Ball
3-1: Called Strike
3-2: Base on Balls
Batting: RHB Naganori Takahashi 0-0: Ball
1-0: Grounds into double play, 5-4-3 (Groundball, 56S, EV 76.9 MPH)
Batting: LHB Barry Flauker 0-0: Ball
1-0: Foul Ball, location: 2F
1-1: Ground out 6-3 (Groundball, 6, EV 86.2 MPH)
Bottom of the 5th over - 0 runs, 0 hits, 0 errors, 0 left on base; Nashville 3 - Thunder Bay 9
TOP OF THE 6TH
Nashville Outlaws batting - Pitching for Thunder Bay Northern Lions BC : RHP Ralph DePalma
Batting: RHB Jerry Yates 0-0: Ball
1-0: Foul Ball, location: 2F
1-1: Called Strike
1-2: SOLO HOME RUN (Flyball, 7D, EV 90.6 MPH), Distance : 387 ft
Batting: RHB Sadakuno Hashimoto 0-0: Ball
1-0: Called Strike
1-1: Foul Ball, location: 2F
1-2: Strikes out swinging
Batting: LHB Wilson Hernández 0-0: Ball
1-0: Foul Ball, location: 2F
1-1: SINGLE (Line Drive, 56, EV 95.6 MPH)
Batting: LHB Juan Caro 0-0: Ball
1-0: Foul Ball, location: 2F
Balk!
Wilson Hernández to second
1-1: Ball
2-1: Ball
3-1: Base on Balls
Pitching: LHP Mannus Dijkman
Batting: LHB Seung-min Sin 0-0: Ball
1-0: Swinging Strike
1-1: Called Strike
Wilson Hernández steals 3rd base
Juan Caro to second
1-2: Ground out 2-3 (Groundball, 15S, EV 70.0 MPH)
Batting: LHB Bartolo Soto 0-0: Ball
1-0: Swinging Strike
1-1: Ball
2-1: Fly out, F8 (Flyball, 78D, EV 98.1 MPH)
Top of the 6th over - 1 run, 2 hits, 0 errors, 2 left on base; Nashville 4 - Thunder Bay 9
BOTTOM OF THE 6TH
Thunder Bay Northern Lions BC batting - Pitching for Nashville Outlaws : LHP Bob Bolen
Batting: LHB Tullu Amaad 0-0: Called Strike
0-1: Foul Ball, location: 2F
0-2: Ball
1-2: Foul Ball, location: 2F
1-2: Foul Ball, location: 2F
1-2: Ball
2-2: Foul Ball, location: 2F
2-2: SINGLE (Groundball, 4D, EV 95.0 MPH)
Batting: RHB Joe Aller 0-0: Ball
1-0: Called Strike
1-1: Foul Ball, location: 2F
1-2: Strikes out swinging
Batting: RHB Domingo Altamiraño 0-0: Called Strike
0-1: Swinging Strike
0-2: Strikes out swinging
Batting: RHB Jason Slaybaugh 0-0: Called Strike
0-1: Swinging Strike
0-2: Strikes out swinging
Bottom of the 6th over - 0 runs, 1 hit, 0 errors, 1 left on base; Nashville 4 - Thunder Bay 9
TOP OF THE 7TH
Nashville Outlaws batting - Pitching for Thunder Bay Northern Lions BC : LHP Mannus Dijkman
Batting: LHB Salvador Ramírez 0-0: Called Strike
0-1: Ball
1-1: Swinging Strike
1-2: Strikes out swinging
Batting: LHB Tom Burton 0-0: Foul Ball, location: 2F
0-1: Ball
1-1: Ball
2-1: Foul Ball, location: 2F
2-2: Ball
3-2: Foul Ball, location: 2F
3-2: Strikes out swinging
Batting: RHB Javier Sierra 0-0: Ball
1-0: Called Strike
1-1: Foul Ball, location: 2F
1-2: Strikes out swinging
Top of the 7th over - 0 runs, 0 hits, 0 errors, 0 left on base; Nashville 4 - Thunder Bay 9
BOTTOM OF THE 7TH
Thunder Bay Northern Lions BC batting - Pitching for Nashville Outlaws : LHP Bob Bolen
Batting: LHB Jorge Herrera 0-0: Called Strike
0-1: Foul Ball, location: 2F
0-2: Ground out 3-1 (Groundball, 34, EV 77.5 MPH)
Batting: RHB Hsi-men King 0-0: Ball
1-0: Ball
2-0: Swinging Strike
2-1: SINGLE (Groundball, 34D, EV 101.9 MPH)
Batting: LHB Ramón Padilla 0-0: Called Strike
0-1: Ball
1-1: Ball
2-1: Foul Ball, location: 2F
2-2: Fielders Choice at 2nd, 6-4 (Groundball, 6, EV 109.4 MPH)
Pitching: RHP John Rigsby
Batting: RHB Naganori Takahashi 0-0: Ball
Ramón Padilla steals 2nd base
1-0: Ball
2-0: Called Strike
2-1: Ball
3-1: Base on Balls
Batting: LHB Barry Flauker 0-0: Ball
1-0: Called Strike
1-1: Ground out 5-3 (Groundball, 56S, EV 68.1 MPH)
Bottom of the 7th over - 0 runs, 1 hit, 0 errors, 2 left on base; Nashville 4 - Thunder Bay 9
TOP OF THE 8TH
Nashville Outlaws batting - Pitching for Thunder Bay Northern Lions BC : LHP Mannus Dijkman
Batting: RHB Jerry Yates 0-0: Called Strike
0-1: Foul Ball, location: 2F
0-2: Hit by Pitch
Batting: RHB Sadakuno Hashimoto 0-0: Ball
1-0: Swinging Strike
1-1: Ball
2-1: Foul Ball, location: 2F
2-2: Ball
3-2: Strikes out looking
Batting: LHB Wilson Hernández 0-0: Ball
1-0: Foul Ball, location: 2F
1-1: Ball
2-1: Called Strike
2-2: Fly out, F7 (Flyball, 7LD, EV 85.6 MPH)
Batting: LHB Juan Caro 0-0: Ball
1-0: SINGLE (Line Drive, 9LS, EV 108.8 MPH)
Jerry Yates to second
Batting: LHB Seung-min Sin 0-0: Ball
1-0: Ground out 4-3 (Groundball, 4, EV 90.6 MPH)
Top of the 8th over - 0 runs, 1 hit, 0 errors, 2 left on base; Nashville 4 - Thunder Bay 9
BOTTOM OF THE 8TH
Thunder Bay Northern Lions BC batting - Pitching for Nashville Outlaws : RHP John Rigsby
Batting: LHB Tullu Amaad 0-0: Ball
1-0: DOUBLE (Groundball, 5L, EV 103.1 MPH)
Batting: RHB Joe Aller 0-0: Called Strike
0-1: Ball
1-1: Ground out 5-3 (Groundball, 5S, EV 88.8 MPH)
Batting: RHB Domingo Altamiraño 0-0: Called Strike
0-1: Ball
1-1: Ground out 5-3 (Groundball, 56S, EV 84.4 MPH)
Batting: RHB Jason Slaybaugh 0-0: Called Strike
0-1: Ball
1-1: Foul Ball, location: 2F
1-2: Ball
2-2: SINGLE (Groundball, 34, EV 86.2 MPH) (infield hit)
Tullu Amaad to third
Batting: LHB Jorge Herrera 0-0: Foul Ball, location: 2F
0-1: Foul Ball, location: 2F
0-2: Ball
1-2: Ball
2-2: TRIPLE (Line Drive, 78XD, EV 105.0 MPH)
Tullu Amaad scores
Jason Slaybaugh scores
Batting: RHB Hsi-men King 0-0: Ball
1-0: SINGLE (Groundball, 6MD, EV 106.2 MPH)
Jorge Herrera scores
Batting: LHB Ramón Padilla 0-0: Called Strike
0-1: Foul Ball, location: 2F
0-2: Foul Ball, location: 2F
0-2: Fly out, F9 (Flyball, 89D, EV 105.6 MPH)
Bottom of the 8th over - 3 runs, 4 hits, 0 errors, 1 left on base; Nashville 4 - Thunder Bay 12
TOP OF THE 9TH
Nashville Outlaws batting - Pitching for Thunder Bay Northern Lions BC : LHP Mannus Dijkman
Batting: LHB Bartolo Soto 0-0: Ball
1-0: Ball
2-0: Ball
3-0: Called Strike
3-1: Swinging Strike
3-2: Strikes out looking
Batting: LHB Salvador Ramírez 0-0: Called Strike
0-1: Ball
1-1: Ball
2-1: Swinging Strike
2-2: Foul Ball, location: 2F
2-2: Foul Ball, location: 2F
2-2: Strikes out looking
Batting: LHB Tom Burton 0-0: Ball
1-0: Ball
2-0: Ball
3-0: Called Strike
3-1: Base on Balls
Batting: RHB Javier Sierra 0-0: Foul Ball, location: 2F
0-1: Foul Ball, location: 2F
0-2: Ball
1-2: Strikes out swinging
Top of the 9th over - 0 runs, 0 hits, 0 errors, 1 left on base; Nashville 4 - Thunder Bay 12
Friday, April 17th, 2020 - OOTP Baseball 20.8 Build 74